 Dungeon Crawl Stone Soup version 0.30-a0-168-g0b976cbdc4 (webtiles) character file.

Game seed: 3376696477628608795

158 qw the Chopper (level 5, -20/32 HPs)
             Began as a Gargoyle Fighter on Sept 29, 2022.
             Demolished by an ogre
             ... wielding a +0 giant club
              (30 damage)
             ... on level 4 of the Dungeon.
             The game lasted 00:01:07 (3312 turns).

qw the Chopper (Gargoyle Fighter)                   Turns: 3312, Time: 00:01:07

Health: -20/32     AC: 16    Str: 22    XL:     5   Next: 40%
Magic:  5/5        EV:  7    Int:  8    God:
Gold:   191        SH:  4    Dex:  9    Spells: 4/4 levels left

rFire   . . .      SeeInvis .    Y - +2 war axe
rCold   . . .      Faith    .    c - +0 buckler
rNeg    + . .      Spirit   .    e - +0 chain mail
rPois   inf        Reflect  .    (no helmet)
rElec   +          Harm     .    (no cloak)
rCorr   .          Rampage  .    (no gloves)
Will    .....                    l - +2 pair of boots
Stlth   ..........               (no amulet)
HPRegen 0.10/turn                (no ring)
MPRegen 0.09/turn                (no ring)

@: no status effects
A: sickness immunity, AC +4, negative energy resistance 1, electricity
resistance, torment resistance 1, petrification resistance
a: no special abilities


You were on level 4 of the Dungeon.
You visited 1 branch of the dungeon, and saw 4 of its levels.

You collected 230 gold pieces.
You spent 39 gold pieces at shops.


Innate Abilities, Weirdness & Mutations

You are immune to sickness and miasma.
Your stone body is resilient. (AC +4)
You are immune to poison.
You resist negative energy. (rN+)
You are resistant to electric shocks. (rElec)
You are resistant to unholy torment.
You are immune to petrification.


   Skills:
 + Level 3.2 Fighting
 - Level 5.0 Axes
 - Level 3.2 Armour
 - Level 3.2 Shields


You had 4 spell levels left.
You didn't know any spells.
Your spell library was empty.

Inventory:

Hand Weapons
 k - a +0 whip
 Y - a +2 war axe (weapon)
Armour
 c - a +0 buckler (worn)
 e - a +0 chain mail (worn)
 i - a +2 cloak
 l - a +2 pair of boots (worn)
Jewellery
 b - a +4 ring of slaying {mikee}
 j - a +4 ring of evasion
Scrolls
 a - 2 scrolls of identify
 m - 3 scrolls of teleportation
 o - a scroll of amnesia {unknown}
 q - a scroll of enchant armour
Potions
 d - 2 potions of might
 f - a potion of lignification
 g - a potion of heal wounds
 h - 4 potions of curing {unknown}
 n - a potion of invisibility {unknown}
 p - a potion of cancellation {unknown}

Dungeon Overview and Level Annotations

Branches:
Dungeon (4/15)             Temple (0/1) D:4

Altars:
Kikubaaqudgha

Shops:
D:1 *   D:2 *


Message History

Enter note:
Found 4 stones.
You see here 4 stones.
You now have 191 gold pieces (gained 18).
You open the door.
An ogre and 8 goblins come into view.
The goblin shouts! x3; The ogre shouts!
The goblin shouts! x4
Found 10 large rocks.
Enter note:
Enter note: You slash the goblin!
You kill the goblin!
You hit the goblin.
You kill the goblin!
You slash the goblin!
You kill the goblin!
You slash the goblin!
You kill the goblin!
You hit the goblin.
You kill the goblin!
You slash the goblin!
You kill the goblin!
You slash the goblin!
You kill the goblin!
The ogre barely misses you.
Your Axes skill increases to level 5!
You slash the ogre!
The ogre is heavily wounded.
You hit the ogre.
The ogre is severely wounded.
The ogre hits you with a +0 giant club!!
Ouch! That really hurt!
You hit the ogre.
The ogre is severely wounded.
The ogre closely misses you.
You hit the ogre.
The ogre is almost dead.
The ogre hits you with a +0 giant club!!
Ouch! That really hurt!
You die...

.# #........# .#
#.####.#.# ### .#
#.####.#.# #.#
.###....#.#.###.#
..#.....#.......##
..#.###.###.###..#
..#.# #.# ######.#
.>#.########..(#)#
..#.......##..gO@#
..#######.##(..###
..#######.####
..........#.###.##
.................#
#.#########.######
....#######.#
#..###......# #..#
#.######


You could see an ogre and a goblin.

Vanquished Creatures
  8 adders
  2 worms (D:2)
  2 dart slugs
  5 orcs (D:3)
  A bat (D:1)
  3 endoplasms
  6 giant cockroaches
  16 goblins
  4 hobgoblins
  6 jackals
  A quokka (D:2)
  5 ball pythons
  3 frilled lizards
  4 kobolds
  4 rats
70 creatures vanquished.

Vanquished Creatures (others)
  4 fungi (D:1)
4 creatures vanquished.

Grand Total: 74 creatures vanquished

Notes
Turn   | Place    | Note
-------+----------+-------------------------------------------
     0 | D:1      | qw the Gargoyle Fighter began the quest for the Orb.
     0 | D:1      | Reached XP level 1. HP: 14/14 MP: 1/1
     0 | D:1      | 0 ||| qw: Version: 0.2-a-12-gaebbb33
     0 | D:1      | 0 ||| qw: Game counter: 1250
     0 | D:1      | 0 ||| qw: Always use a shield: true
     0 | D:1      | 0 ||| qw: God list: Okawaru
     0 | D:1      | 0 ||| qw: Allow faded altars: false
     0 | D:1      | 0 ||| qw: Do Orc after D:15 true
     0 | D:1      | 0 ||| qw: Do second Lair branch before Depths: true
     0 | D:1      | 0 ||| qw: Lair rune preference: random
     0 | D:1      | 0 ||| qw: Plans: Normal, Zot:1-4, God:TSO, Crypt, Tomb,
                  | Pan, Slime:5, Hells, Abyss, Orb
     0 | D:1      | 0 ||| PLANNING D:1-11
    86 | D:1      | Reached skill level 2 in Axes
   222 | D:1      | 222 ||| Stepping ~*~*~tactically~*~*~ (stealth).
   228 | D:1      | Reached XP level 2. HP: 19/19 MP: 2/2
   243 | D:1      | 243 ||| Stepping ~*~*~tactically~*~*~ (stealth).
   244 | D:1      | 244 ||| Stepping ~*~*~tactically~*~*~ (stealth).
   245 | D:1      | 245 ||| Stepping ~*~*~tactically~*~*~ (stealth).
   350 | D:1      | 350 ||| DROPPING +0 club.
   493 | D:1      | Reached skill level 3 in Axes
   638 | D:1      | Found Asmalu's General Store.
   648 | D:1      | 648 ||| SHOPLISTING amulet of reflection (390 gold, have
                  | 45).
   648 | D:1      | 648 ||| SHOPLISTING potion of heal wounds (65 gold, have
                  | 45).
   648 | D:1      | 648 ||| BUYING scroll of teleportation (39 gold).
   648 | D:1      | Bought a scroll of teleportation for 39 gold pieces
   648 | D:1      | 648 ||| SHOPLISTING scroll of teleportation (39 gold, have
                  | 6).
   652 | D:1      | 652 ||| DROPPING orb of light.
   653 | D:1      | 653 ||| UPGRADING to +0 pair of boots.
   658 | D:1      | 658 ||| READING 2 scrolls labelled LONTATHRIYSI.
   659 | D:1      | 659 ||| READING scroll labelled VANKEU ITAGAES.
   660 | D:1      | 660 ||| READING scroll labelled VIKOTU PUOTWIQ.
   740 | D:2      | Reached XP level 3. HP: 13/23 MP: 3/3
   827 | D:2      | 827 ||| FLEEEEING.
   828 | D:2      | 828 ||| STAIRDANCE
   875 | D:2      | 875 ||| STAIRDANCE
   894 | D:2      | Found Bemyd's Assorted Antiques.
   961 | D:2      | 961 ||| SHOPLISTING 2 bubbling puce potions (55 gold, have
                  | 21).
   961 | D:2      | 961 ||| SHOPLISTING amethyst potion (27 gold, have 21).
   961 | D:2      | 961 ||| SHOPLISTING bubbling sapphire potion (27 gold, have
                  | 21).
   961 | D:2      | 961 ||| SHOPLISTING fizzy blue potion (27 gold, have 21).
   961 | D:2      | 961 ||| SHOPLISTING shiny orb (372 gold, have 21).
   986 | D:2      | Found an ancient bone altar of Kikubaaqudgha.
  1108 | D:2      | Reached XP level 4. HP: 28/28 MP: 4/4
  1282 | D:2      | Reached skill level 4 in Axes
  1298 | D:2      | 1298 ||| Stepping ~*~*~tactically~*~*~ (hiding).
  1777 | D:2      | 1777 ||| UPGRADING to +0 chain mail.
  1787 | D:2      | 1787 ||| DROPPING +0 scale mail.
  1788 | D:2      | 1788 ||| READING scroll labelled ESHRYE ZAUME.
  1789 | D:2      | 1789 ||| READING scroll labelled ZEOTYU FUWU.
  1790 | D:2      | 1790 ||| READING 4 scrolls of identify.
  1790 | D:2      | 1790 ||| IDENTIFYING fizzy cyan potion
  1791 | D:2      | 1791 ||| READING 3 scrolls of identify.
  1791 | D:2      | 1791 ||| IDENTIFYING white potion
  1792 | D:2      | 1792 ||| READING 2 scrolls of identify.
  1792 | D:2      | 1792 ||| IDENTIFYING fizzy inky potion
  1793 | D:2      | 1793 ||| DROPPING potion of degeneration.
  1900 | D:3      | 1900 ||| Stepping ~*~*~tactically~*~*~ (stealth).
  1970 | D:3      | 1970 ||| READING 4 scrolls of teleportation.
  2033 | D:3      | Found a faded altar of an unknown god.
  2075 | D:3      | 2075 ||| READING 3 scrolls of teleportation.
  2078 | D:3      | 2078 ||| FLEEEEING.
  2088 | D:3      | Reached XP level 5. HP: 28/32 MP: 5/5
  2327 | D:3      | 2327 ||| READING scroll of enchant weapon.
  2327 | D:3      | 2327 ||| ENCHANTING +1 war axe.
  2393 | D:3      | 2393 ||| READING 2 scrolls of enchant armour.
  2393 | D:3      | 2393 ||| ENCHANTING +0 pair of boots.
  2394 | D:3      | 2394 ||| READING scroll of enchant armour.
  2394 | D:3      | 2394 ||| ENCHANTING +1 pair of boots.
  2519 | D:3      | 2519 ||| Stepping ~*~*~tactically~*~*~ (stealth).
  2555 | D:3      | 2555 ||| READING scroll labelled ARGHAI JEFEFRO.
  2556 | D:3      | 2556 ||| READING scroll labelled WIXIATI IBOZ.
  2883 | D:4      | Found a staircase to the Ecumenical Temple.
  3301 | D:4      | Noticed an ogre
  3309 | D:4      | Reached skill level 5 in Axes
  3312 | D:4      | Demolished by an ogre

Levels and vault maps discovered:
D:1:      amcnicky_arrival_wind_blow, layout_basic, serial_shops,
          nicolae_lakefront_shop, minmay_misc_feat_five,
          dreamdust_mushroom_princess, st_stairs_4
D:2:      layout_basic, basic_altar, serial_shops, nicolae_shop_statue_plus
D:3:      layout_loops_ring, nicolae_ecumenical_lake_church,
          nicolae_concentric_dashed_squares_wild, due_unseen_surprise
D:4:      layout_basic, temple_doors_e, minmay_ogre_servants

Skill      XL: |  1  2  3  4  5 |
---------------+----------------+-----
Axes           | 2 3 4 5 |  5.0
Fighting       | |  3.2
Armour         | |  3.2
Shields        | |  3.2

Action                   |  1- 3 |  4- 6 || total
-------------------------+-------+-------++-------
Melee: War axe           |    92 |    98 ||   190
  Use: Scroll            |     3 |    12 ||    15
Armor: Scale mail        |    50 |    11 ||    61
       Chain mail        |       |    31 ||    31
Dodge: Dodged            |    43 |    33 ||    76
Block: Buckler           |    18 |     9 ||    27

Table legend:
 A = Non-vault XP
 B = Vault XP
 C = Vault XP percentage of total XP
 D = Non-vault monster count
 E = Vault monster count
 F = Vault count percentage of total count
                 A         B        C        D         E       F
            +---------+---------+-------+---------+---------+-------
      Total |     213 |      14 |   6.2 |      61 |       9 |  12.9
            +---------+---------+-------+---------+---------+-------
        D:1 |      41 |       2 |   4.7 |      18 |       2 |  10.0
        D:2 |      63 |       0 |   0.0 |      15 |       0 |   0.0
        D:3 |      89 |       0 |   0.0 |      19 |       0 |   0.0
        D:4 |      20 |      12 |  37.5 |       9 |       7 |  43.8
            +---------+---------+-------+---------+---------+-------
